 Dungeon Crawl Stone Soup version 0.29.1-15-g9cfb28693d (webtiles) character file.

Game seed: 5131203438865209515

35 Heoruswealwe the Digger (level 3, -3/19 HPs)
             Began as a Deep Elf Earth Elementalist on May 2, 2023.
             Slain by a goblin
             ... wielding a +0 club
             ... led by Robin
              (4 damage)
             ... on level 2 of the Dungeon.
             The game lasted 00:09:20 (997 turns).

Heoruswealwe the Digger (DEEE)                       Turns: 997, Time: 00:09:23

Health: -3/19      AC:  3    Str:  5    XL:     3   Next: 16%
Magic:  6/9        EV: 12    Int: 21    God:
Gold:   111        SH:  0    Dex: 15    Spells: 5/8 levels left

rFire   . . .      SeeInvis .   (no weapon)
rCold   . . .      Faith    .   (no shield)
rNeg    . . .      Spirit   .   c - +0 robe
rPois   .          Reflect  .   (no helmet)
rElec   .          Harm     .   h - +0 cloak
rCorr   .          Rampage  .   (no gloves)
Will    .....                   (no boots)
Stlth   ++........              (no amulet)
HPRegen 0.06/turn               (no ring)
MPRegen 0.11/turn               (no ring)

@: no status effects
A: no striking features
a: no special abilities


You were on level 2 of the Dungeon.
You visited 1 branch of the dungeon, and saw 2 of its levels.

You collected 111 gold pieces.

Inventory:

Armour
 c - a +0 robe (worn)
 e - a +0 robe
 h - a +0 cloak (worn)
Scrolls
 d - a scroll of blinking {unknown}
 f - 2 scrolls of identify {unknown}
 k - 2 scrolls of enchant weapon {unknown}
 l - a scroll of fog {unknown}
 m - a scroll of enchant armour {unknown}
Potions
 a - a potion of brilliance {unknown}
 g - 2 potions of lignification {unknown}
 i - a potion of curing {unknown}
 j - a potion of haste {unknown}


   Skills:
 - Level 2.4 Dodging
 - Level 2.4 Stealth
 - Level 3.0 Spellcasting
 - Level 1.1 Transmutations
 + Level 4.8 Earth Magic


You had 5 spell levels left.
You knew the following spells:

 Your Spells              Type           Power      Damage    Failure   Level
a - Sandblast             Erth           46%        2d11      1%          1
z - Passwall              Tmut/Erth      12%        N/A       6%          2

Your spell library contained the following spells:

 Spells                   Type           Power      Damage    Failure   Level
 Foxfire                  Conj/Fire      12%        2x1d4     13%         1
 Summon Small Mammal      Summ           12%        N/A       13%         1
 Stone Arrow              Conj/Erth      26%        3d8       16%         3
 Call Canine Familiar     Summ           3%         N/A       36%         3
 Conjure Flame            Conj/Fire      3%         6-21      36%         3
 Inner Flame              Hex/Fire       3%         N/A       36%         3
 Summon Guardian Golem    Hex/Summ       3%         N/A       36%         3
 Petrify                  Tmut/Erth      15%        N/A       36%         4
 Flame Wave               Conj/Fire      3%         2d5       78%         4


Dungeon Overview and Level Annotations

Branches:
Dungeon (2/15)

Altars:
Jiyva

Shops:
D:1 (

Annotations:
D:2 Robin


Message History

The hobgoblin is moderately wounded.
You hear a shout!
The hobgoblin misses you.
The blast of sand hits the hobgoblin!
You kill the hobgoblin!
A goblin comes into view. It is wielding a +0 dagger.
Robin throws the goblin at you! The goblin misses you. x2
A hobgoblin comes into view.
You have reached level 3!
Your experience leads to an increase in your attributes!
Increase (S)trength, (I)ntelligence, or (D)exterity?
You feel clever. x2
The goblin misses you.
A goblin comes into view. It is wielding a +0 club.
The blast of sand hits the goblin!
You kill the goblin!
The blast of sand hits the goblin!
You kill the goblin!
A goblin comes into view. It is wielding a +0 dagger.
The hobgoblin barely misses you. Magic courses through your body.
Robin throws the goblin at you! The hobgoblin hits you.
The blast of sand hits the hobgoblin!
You kill the hobgoblin!
The goblin barely misses you.
The blast of sand hits the hobgoblin!
You kill the hobgoblin!
The goblin hits you with a +0 club. x2
Robin roars a battlecry!
The goblins go into a battle-frenzy!
The blast of sand hits Robin but does no damage.
The goblin hits you with a +0 club.
Robin says, "Duck!"
The blast of sand hits Robin but does no damage.
Robin hits you with a +0 club. The goblin hits you with a +0 club.
* * * LOW HITPOINT WARNING * * *
Robin hits you with a +0 club.
* * * LOW HITPOINT WARNING * * *
The goblin hits you with a +0 club.
You die...

≈≈≈≈≈≈≈≈≈≈≈≈PP≈~~~≈≈≈~~
≈≈≈~~~P≈≈≈≈≈≈≈≈~~~≈≈≈≈
##~~.~P~~ ~~~≈.PP≈~≈≈≈
....~~. ~~~....~PP≈~
.... ......~...~
#)#######..#....~.
#g.....###.#.#....
#g####.#<....#..>. #@#
#.####†.###.# #g#
#............ #.#
#..########.# #.# #..#
#.# .#.####..# #.#
.........# #.#
.#.####.## #.# #.# #.#
#.# #.#### #.#


You could see Robin and 2 goblins.

Vanquished Creatures
  2 bats (D:1)
  4 endoplasms
  7 goblins
  7 hobgoblins
  2 jackals (D:1)
  A kobold (D:1)
  A quokka (D:1)
  4 rats
28 creatures vanquished.

Notes
Turn   | Place    | Note
-------+----------+-------------------------------------------
     0 | D:1      | Heoruswealwe the Deep Elf Earth Elementalist began the
                  | quest for the Orb.
     0 | D:1      | Reached XP level 1. HP: 10/10 MP: 6/6
   251 | D:1      | Reached skill level 4 in Earth Magic
   251 | D:1      | Reached XP level 2. HP: 15/15 MP: 6/8
   254 | D:1      | Learned a level 2 spell: Passwall
   344 | D:1      | Found Ucrerph's Weapon Shoppe.
   495 | D:1      | Found a faded altar of an unknown god.
   519 | D:1      | Prayed at the altar of an unknown god.
   519 | D:1      | Became a worshipper of Jiyva Jegail the Shapeless
   519 | D:1      | Reached * piety under Jiyva
   525 | D:1      | Fell from the grace of Jiyva
   986 | D:2      | Noticed Robin
   989 | D:2      | Reached XP level 3. HP: 19/19 MP: 2/9
   997 | D:2      | Slain by a goblin

Illustrated notes

Levels and vault maps discovered:
D:1:      giann_horns, layout_basic, hellmonk_ecumenical_altar_heavens_door,
          serial_shops, nicolae_shop_bloodbath_and_beyond
D:2:      minmay_general_purpose_star, layout_basic, chequers_big_river,
          uniq_robin, uniq_natasha

Skill      XL: |  1 |
---------------+----+-----
Earth Magic    | 4 |  4.8
Dodging        | |  2.4
Stealth        | |  2.4
Spellcasting   | |  3.0
Transmutations | |  1.1

Action                   || total
-------------------------++-------
 Cast: Sandblast         ||    34
Invok: Renounce Religion ||     1
  Use: Potion            ||     1
Dodge: Dodged            ||     9
